AoeStats
← KND

Lombardia

509992816Analyzed
4v4 RM · 3d ago on Sep 29, 2026· 52m 6s· 8 players
Game mode
Random Map
Map size
Large (8 player)
Population
200
Speed
Normal
Resources
Standard
Victory
Conquest
Starting age
Dark Age
Ending age
Imperial Age
RankedLock teamsTeams togetherTeam positionsShared explorationLock speedFull tech treeHidden civsTurbo modeCheats
Victory
Defeat
🇧🇷 Mongols · Brazil
1485
+14
🇭🇰 Burmese · Hong Kong SAR China
1462
+15
🇦🇷 Persians · Argentina
1449
+16
🇺🇸 Sicilians · United States
1419
+17
🇲🇽 Persians · Mexico
1447
-16
🇺🇸 Portuguese · United States
1445
-16
🇺🇸 Mongols · United States
1438
-15
🇲🇽 Britons · Mexico
1435
-15
MEX_Angel_Tj
6:24 Loom
6:33 Loom
9:19 Feudal Age
10:34 Double-Bit Axe
12:20 Fletching
12:31 Padded Archer Armor
22:50 Castle Age
20:55 Gold Mining
22:14 Wheelbarrow
21:22 Horse Collar
23:09 Crossbowman
23:47 Bodkin Arrow
26:26 Bow Saw
30:22 Pikeman
31:02 Squires
34:57 Imperial Age
33:12 Scale Mail Armor
34:03 Hand Cart
34:57 Forging
35:03 Chain Mail Armor
35:04 Leather Archer Armor
35:08 Halberdier
36:34 Iron Casting
36:22 Ballistics
36:09 Caravan
36:11 Heavy Plow
37:27 Conscription
37:13 Elite Longbowman
39:16 Blast Furnace
40:10 Ring Archer Armor
41:40 Two-Man Saw
40:52 Bracer
42:03 Gold Shaft Mining
41:19 Stone Mining
42:53 Plate Mail Armor
42:26 Town Watch
43:45 Chemistry
Gaston
10:56 Feudal Age
15:11 Castle Age
13:05 Double-Bit Axe
13:32 Horse Collar
17:24 Bow Saw
18:18 Loom
23:23 Wheelbarrow
24:43 Hand Cart
25:02 Heavy Plow
27:42 Stone Mining
28:32 Gold Mining
29:20 Stone Shaft Mining
32:50 Imperial Age
31:10 Fortified Wall
31:21 Ballistics
30:57 Fletching
32:35 Bodkin Arrow
32:21 Treadmill Crane
32:52 Masonry
34:35 Chemistry
33:37 Bracer
33:35 Elite Organ Gun
35:23 Conscription
35:16 Siege Engineers
35:41 Scale Barding Armor
35:47 Forging
35:26 Town Watch
36:32 Arquebus
37:45 Two-Man Saw
37:18 Crop Rotation
39:08 Light Cavalry
39:58 Bloodlines
39:49 Husbandry
40:10 Chain Barding Armor
40:26 Iron Casting
41:46 Circumnavigation
42:48 Blast Furnace
47:58 Padded Archer Armor
49:26 Scale Mail Armor
49:12 Pikeman
49:39 Arson
50:16 Chain Mail Armor
51:12 Halberdier
52:23 Plate Mail Armor
The_ Rock
5:03 Loom
11:27 Feudal Age
15:56 Castle Age
14:27 Double-Bit Axe
21:03 Bow Saw
23:34 Wheelbarrow
23:56 Horse Collar
24:38 Hand Cart
24:34 Heavy Plow
28:18 Bloodlines
28:11 Husbandry
31:22 Imperial Age
29:23 Scale Barding Armor
29:29 Forging
29:12 Gold Mining
30:18 Chain Barding Armor
30:44 Iron Casting
32:15 Plate Barding Armor
32:40 Blast Furnace
31:58 Town Watch
31:37 Cavalier
32:32 Stone Mining
33:18 Gold Shaft Mining
34:10 Crop Rotation
34:41 Two-Man Saw
34:59 Savar
35:54 Fletching
36:53 Bodkin Arrow
36:21 Heavy Camel Rider
41:54 Padded Archer Armor
43:02 Conscription
43:40 Light Cavalry
_WizarD_
5:17 Loom
12:12 Feudal Age
14:05 Double-Bit Axe
16:53 Castle Age
15:19 Horse Collar
16:11 Gold Mining
19:00 Bow Saw
20:59 Wheelbarrow
22:13 Fletching
22:49 Padded Archer Armor
26:21 Bodkin Arrow
28:17 Bloodlines
28:07 Husbandry
29:28 Leather Archer Armor
32:19 Ballistics
35:55 Imperial Age
34:47 Stone Mining
36:46 Hand Cart
35:57 Elite Mangudai
36:59 Conscription
36:49 Bracer
38:43 Chemistry
38:42 Heavy Plow
39:26 Parthian Tactics
42:17 Forging
41:56 Light Cavalry
42:30 Capped Ram
43:42 Siege Ram
44:49 Drill
50:16 Town Watch
50:11 Hussar
busy pushing deer
11:27 Feudal Age
11:32 Man-at-Arms
13:14 Double-Bit Axe
16:26 Arson
18:25 Horse Collar
23:51 Castle Age
21:50 Gold Mining
21:52 Stone Mining
23:46 Wheelbarrow
22:58 Town Watch
25:00 Bow Saw
24:53 Heavy Plow
25:08 Caravan
32:21 Ballistics
35:02 Imperial Age
32:20 Loom
33:43 First Crusade
33:27 Squires
34:07 Scale Mail Armor
34:18 Forging
33:58 Fletching
35:49 Gold Shaft Mining
35:50 Stone Shaft Mining
35:51 Chain Mail Armor
35:08 Elite Serjeant
36:09 Conscription
37:14 Plate Mail Armor
37:19 Iron Casting
37:45 Chemistry
36:51 Siege Engineers
37:26 Bodkin Arrow
37:29 Pikeman
37:55 Onager
38:41 Halberdier
41:35 Blast Furnace
41:03 Bracer
40:50 Arrowslits
43:53 Capped Ram
49:20 Hand Cart
49:06 Siege Ram
49:41 Siege Onager
52:11 Guilds
52:31 Coinage
Erebor.
11:48 Feudal Age
15:33 Castle Age
14:36 Double-Bit Axe
14:32 Horse Collar
19:55 Wheelbarrow
19:08 Town Watch
19:15 Loom
25:56 Stone Mining
25:57 Gold Mining
29:24 Imperial Age
27:45 Scale Barding Armor
28:16 Stone Shaft Mining
27:52 Bow Saw
27:44 Heavy Plow
30:04 Chain Barding Armor
30:19 Husbandry
30:29 Bloodlines
29:43 Cavalier
30:59 Ballistics
31:40 Chemistry
33:22 Crop Rotation
33:54 Two-Man Saw
34:56 Plate Barding Armor
34:33 Forging
35:50 Savar
37:46 Iron Casting
49:05 Conscription
51:31 Light Cavalry
大庆Song
3:19 Loom
11:23 Feudal Age
11:59 Horse Collar
13:25 Scale Barding Armor
17:25 Wheelbarrow
21:58 Castle Age
20:51 Forging
20:46 Gold Mining
21:53 Bloodlines
22:36 Fletching
28:29 Gold Shaft Mining
27:56 Heavy Plow
27:44 Town Watch
29:02 Stone Mining
29:43 Hand Cart
30:19 Husbandry
34:42 Imperial Age
32:50 Husbandry
33:14 Chain Barding Armor
34:24 Iron Casting
35:20 Manipur Cavalry
35:34 Howdah
35:56 Conscription
36:12 Plate Barding Armor
36:39 Blast Furnace
35:58 Caravan
36:39 Elite Battle Elephant
36:56 Light Cavalry
38:19 Bodkin Arrow
38:49 Padded Archer Armor
40:02 Ballistics
39:54 Fortified Wall
39:55 Masonry
40:46 Chemistry
39:50 Hussar
41:00 Town Patrol
41:32 Crop Rotation
41:35 Capped Ram
41:37 Heavy Scorpion
41:39 Onager
42:44 Siege Engineers
43:10 Architecture
42:36 Murder Holes
42:23 Treadmill Crane
51:18 Coinage
52:04 Pikeman
52:45 Squires
52:30 Arson
KND
10:53 Feudal Age
14:56 Castle Age
12:47 Horse Collar
13:25 Double-Bit Axe
15:57 Bow Saw
17:33 Wheelbarrow
19:04 Loom
21:21 Fervor
23:00 Heavy Plow
24:29 Hand Cart
29:58 Imperial Age
28:01 Fletching
28:36 Thumb Ring
28:59 Gold Mining
29:00 Stone Mining
29:14 Bodkin Arrow
29:20 Padded Archer Armor
29:34 Bloodlines
29:24 Husbandry
29:44 Town Watch
30:21 Elite Mangudai
31:12 Bracer
31:38 Conscription
31:59 Gold Shaft Mining
32:00 Stone Shaft Mining
32:37 Ballistics
33:17 Chemistry
32:44 Leather Archer Armor
32:39 Town Patrol
34:02 Parthian Tactics
33:47 Caravan
36:43 Siege Engineers
37:06 Capped Ram
40:01 Siege Ram
42:39 Scale Barding Armor
42:46 Forging
49:48 Masonry
50:15 Hoardings
Connection lost

Rejoining the realm…

Still unreachable

The connection could not be restored.

Session expired

The server has moved on; the page needs a fresh start.